Map: Lock & Load

Players

Agares

  • Race: Zerg Zerg

Odin

  • Race: Protoss Protoss
  • League: Gold
  • Spawn Location: 6:00

VOD

Have the link to the VOD?

Description

Time

  • Played on: July 24, 2018, 2:17 a.m.
  • Length: 19:53
Show
View Real Time Build Order
Export as new Build Order

Agares Zerg 

Build Orders:  

Get SALT Encoding   

  18  0:14  Primal Drone  
  18  0:15  Primal Drone  
  20  0:20  Primal Drone  
  21  0:32  Primal Drone  
  22  0:44  Primal Drone  
  22  0:49  Extractor  
  23  0:51  Extractor  
  23  0:54  Primal Drone  
  24  1:13  Primal Drone  
  25  1:29  Primal Drone  
  26  1:38  Primal Drone  
  27  1:55  Primal Drone  
  29  2:10  Primal Warden  
  29  2:15  Primal Warden  
  30  2:21  Primal Warden  
  30  2:23  Primal Drone  
  32  2:35  Primal Drone  
  33  2:47  Primal Drone  
  34  2:58  Primal Attacks Level 1  
  34  3:01  Primal Drone  
  35  3:17  Primal Warden  
  35  3:21  Primal Warden  
  35  3:27  Primal Warden  
  35  3:28  Primal Drone  
  36  3:30  Primal Drone  
  37  3:46  Primal Drone  
  38  3:59  Primal Warden  
  39  4:08  Primal Warden  
  40  4:15  Primal Warden  
  41  4:35  Primal Drone x3  
  44  5:38  Primal Carapace Level 1  
  44  6:04  Primal Warden  
  44  6:07  Primal Warden  
  44  6:08  Primal Drone x3  
  44  6:09  Primal Drone x2  
  49  6:24  Glevig's Den  
  48  6:59  Primal Zergling  
  49  7:00  Primal Zergling x14  
  49  7:01  Primal Zergling x11  
  49  7:04  Primal Zergling  
  49  7:09  Primal Zergling  
  76  7:12  Primal Zergling  
  76  7:16  Primal Zergling  
  78  7:22  Ravasaur  
  78  7:23  Ravasaur x4  
  78  7:24  Ravasaur x7  
  78  7:25  Ravasaur  
  78  7:36  Ravasaur x2  
  78  8:05  Murvar's Den  
  59  9:48  Primal Hydralisk x8  
  59  9:49  Primal Hydralisk x8  
  79  10:41  Primal Hydralisk  
  79  10:42  Primal Hydralisk x5  
  91  11:26  Primal Mutalisk  
  91  11:27  Primal Mutalisk x4  
  91  11:28  Primal Mutalisk x5  
  81  11:30  Primal Mutalisk  
  80  13:52  Primal Hydralisk  
  80  13:53  Primal Hydralisk x14  
  80  13:54  Primal Hydralisk x3  
  116  14:17  Primal Hive  
  115  14:55  Primal Mutalisk x2  
  115  14:56  Primal Mutalisk x6  
  115  14:57  Primal Mutalisk  
  106  15:58  Primal Hydralisk  
  106  15:59  Primal Hydralisk x4  
  116  16:06  Primal Drone x3  
  119  17:06  Primal Drone x4  
Show
View Real Time Build Order
Export as new Build Order

Odin Protoss 

Build Orders:  

Get SALT Encoding   

  12  0:07  Probe (Chrono Boost)  
  13  0:37  Pylon  
  13  0:56  Gateway  
  13  0:59  Assimilator  
  13  1:05  Assimilator  
  13  1:25  Probe (Chrono Boost)  
  14  1:39  Probe (Chrono Boost)  
  15  1:53  Probe (Chrono Boost)  
  16  2:07  Probe (Chrono Boost)  
  17  2:10  Cybernetics Core  
  17  2:14  Pylon  
  17  2:21  Probe (Chrono Boost)  
  18  2:34  Probe (Chrono Boost)  
  19  2:48  Probe (Chrono Boost)  
  20  3:02  Probe (Chrono Boost)  
  20  3:04  Twilight Council  
  21  3:12  Pylon  
  21  3:16  Probe (Chrono Boost)  
  22  3:30  Probe (Chrono Boost)  
  23  3:44  Probe (Chrono Boost)  
  24  3:53  Zealot x3  
  24  3:57  Charge  
  30  4:02  Probe (Chrono Boost)  
  31  4:16  Probe (Chrono Boost)  
  32  4:30  Probe (Chrono Boost)  
  33  4:44  Probe (Chrono Boost)  
  34  5:25  Nexus  
  34  6:07  Zealot  
  34  6:08  Zealot  
  38  6:18  Pylon  
  38  6:20  Gateway  
  38  6:21  Gateway  
  38  6:23  Gateway  
  38  6:24  Templar Archives  
  38  6:28  Pylon  
  38  7:07  Probe x2 (Chrono Boost)  
  40  7:17  Psionic Storm, Khaydarin Amulet  
  40  7:21  Probe x2 (Chrono Boost)  
  42  7:33  Assimilator x2  
  42  7:35  Probe x2 (Chrono Boost)  
  44  7:41  Pylon  
  44  7:49  Probe x2 (Chrono Boost)  
  46  8:03  Probe x2 (Chrono Boost)  
  48  8:24  High Templar x2  
  48  8:25  High Templar x2  
  48  8:26  High Templar x2  
  60  8:30  Zealot x4  
  60  8:31  Zealot  
  70  8:45  Archon  
  70  8:46  Archon x2  
  46  9:53  Zealot x5  
  46  9:54  Zealot x2  
  46  9:58  High Templar x2  
  62  10:32  High Templar  
  62  10:38  High Templar  
  64  10:50  Zealot x3  
  64  10:51  Zealot  
  64  10:59  Gateway  
  72  11:01  Gateway  
  72  11:03  Pylon x2  
  72  11:06  Pylon  
  72  11:11  Pylon x2  
  72  11:12  Probe x2 (Chrono Boost)  
  72  11:14  Gateway  
  72  11:16  Gateway  
  74  11:21  Pylon x2  
  74  11:23  Plasma Surge  
  74  11:26  Probe x2 (Chrono Boost)  
  74  11:27  Pylon  
  76  11:39  Probe (Chrono Boost)  
  70  11:40  Probe (Chrono Boost)  
  70  11:53  Probe (Chrono Boost)  
  70  11:54  Probe (Chrono Boost)  
  62  12:07  Probe x2 (Chrono Boost)  
  52  12:27  Forge x2  
  52  12:30  Forge  
  52  12:32  Pylon x2  
  52  12:35  Pylon  
  52  12:37  Pylon  
  52  12:46  Gateway x2, Probe x2 (Chrono Boost)  
  52  12:48  Gateway  
  52  12:49  Gateway  
  54  12:52  High Templar x2  
  54  12:59  Probe (Chrono Boost)  
  57  13:20  Archon  
  55  13:47  Protoss Ground Weapons Level 1, Protoss Ground Armor Level 1, Protoss Shields Level 1  
  55  13:51  Zealot  
  55  13:52  Zealot x6  
  55  13:53  Zealot x4  
  77  14:08  Robotics Facility  
  77  15:16  High Templar x2  
  77  15:17  High Templar x2  
  85  15:20  High Templar x2  
  87  15:48  Zealot x7  
  87  15:49  Zealot x6  
  113  15:50  Zealot x4  
  113  15:51  Zealot  
  113  15:58  Observer x2  
  125  16:05  Whirlwind  
  125  16:19  Pylon  
  125  16:21  Pylon  
  125  16:22  Pylon  
  125  16:23  Pylon  
  125  16:26  Pylon x2  
  125  17:04  Zealot x6  
  125  17:05  Zealot  
  137  18:14  Archon x2  
  137  18:16  Archon  
  137  18:22  Dragoon x2  
  137  18:23  Dragoon x6  
  137  18:24  Dragoon x4  
  137  18:25  Dragoon  
  163  19:32  Zealot x3  
  163  19:33  Zealot x8  
  163  19:34  Dragoon x2  
  163  19:35  Dragoon x3  
Tags
 
Commander
ArtanisDehaka
League
Gold
Matchup
Co-op
Replay Pack
Co-op Missions
Add a new tag
Caveats
  • Supply blocks, unpowered buildings, or Contaminate may cause inaccurate times.
  • Supply counts are checked every 10 seconds.